 Dungeon Crawl Stone Soup version 0.18.1-5-g4a78601 (webtiles) character file.

384896 inmateoo the Black Belt (level 22, -19/119 HPs)
             Began as a Vine Stalker Monk on May 14, 2016.
             Was an Elder of Cheibriados.
             Demolished by a vault warden
             ... wielding a +0 great sword of slicing
              (20 damage)
             ... on level 5 of the Vaults.
             The game lasted 01:11:40 (36902 turns).

inmateoo the Black Belt (Vine Stalker Monk)        Turns: 36902, Time: 01:11:41

Health: -19/119    AC: 23    Str: 27    XL:     22   Next: 97%
Magic:  0/39       EV: 24    Int: 32    God:    Cheibriados [****..]
Gold:   1282       SH:  9    Dex: 33    Spells: 10 memorised, 7 levels left

rFire  + + +     SeeInvis +       - Unarmed
rCold  + . .     Gourm    .     D - +2 scale mail of Grottiness {rPois Str-3 Int+3 SInv}
rNeg   . . .     Faith    .     P - +0 buckler {rC+ rF+}
rPois  +         Spirit   +     f - +1 hat {Int+3}
rElec  .         Dismiss  .     Y - +1 cloak {rPois}
rCorr  +         Reflect  .     H - +0 pair of gloves of Creativity {*Contam Int+4 Stlth+}
SustAt .         Harm     .     w - +5 pair of boots of Context {MR+ Int+2}
MR     ++++.     Clarity  +     L - amulet "Toog" {RegenMP +Blink rPois Stlth-}
Stlth  ++........               Q - ring "Makuryus" {rF+ Dex+4}
                                d - ring of resist corrosion

@: repel missiles, very slow, incredibly resistant to hostile enchantments,
unstealthy
A: fangs 3, horns 1, rugged brown scales 1, clarity, clumsy 1, deterioration 1,
fire resistance 1, magic resistance 1, poison resistance, regeneration 3, magic
shield, antimagic bite, no device heal 3, rot immunity
a: Bend Time, Temporal Distortion, Slouch, Renounce Religion, Evoke Blink
}: 2/15 runes: decaying, gossamer


You were on level 5 of the Vaults.
You worshipped Cheibriados.
Cheibriados was greatly pleased with you.
You were not hungry.

You visited 8 branches of the dungeon, and saw 42 of its levels.
You also visited: Labyrinth.

You collected 5154 gold pieces.
You spent 3872 gold pieces at shops.

Inventory:

Missiles
 F - 1289 arrows
Armour
 f - a +1 hat of intelligence (worn)
 w - the +5 pair of boots of Context (worn) {MR+ Int+2}
   (You found it on level 6 of the Dungeon)

   It affects your intelligence (+2).
   It affects your resistance to hostile enchantments.
 D - the +2 scale mail of Grottiness (worn) {rPois Str-3 Int+3 SInv}
   (You bought it in a shop on level 2 of the Orcish Mines)

   It affects your strength (-3).
   It affects your intelligence (+3).
   It protects you from poison.
   It lets you see invisible.
 H - the +0 pair of gloves of Creativity (worn) {*Contam Int+4 Stlth+}
   (You found it on level 14 of the Dungeon)

   It affects your intelligence (+4).
   It causes magical contamination when unequipped.
   It makes you more stealthy.
 P - a +0 buckler of resistance (worn)
 Y - a +1 cloak of poison resistance (worn)
Jewellery
 d - a ring of resist corrosion (left hand)
 i - a +3 ring of evasion
 B - an uncursed ring of protection from fire
 J - an uncursed ring of magical power
 L - the amulet "Toog" (around neck) {RegenMP +Blink rPois Stlth-}
   (You took it off a minotaur in a labyrinth)

   [amulet of magic regeneration]

   It increases your magic regeneration.
   It protects you from poison.
   It lets you blink.
   It makes you less stealthy.
 Q - the ring "Makuryus" (right hand) {rF+ Dex+4}
   (You found it in a labyrinth)

   [ring of protection from fire]

   It affects your dexterity (+4).
   It protects you from fire.
 Z - an uncursed ring of see invisible
Wands
 t - a wand of digging (13/24)
 u - a wand of acid (11/15)
 A - a wand of lightning (9/15)
 C - a wand of disintegration (11/24)
 K - a wand of digging (17/24)
 M - a wand of disintegration (18/24)
 T - a wand of teleportation (4/9)
 X - a wand of teleportation (5/9)
Scrolls
 a - 6 scrolls of magic mapping
 e - 8 scrolls of enchant armour
 k - 5 scrolls of recharging
 n - 8 scrolls of remove curse
 y - 8 scrolls of teleportation
 z - 3 scrolls of identify
 E - 3 scrolls of blinking
 O - 2 scrolls of fog
 S - 3 scrolls of fear
Potions
 c - 3 potions of flight
 h - 14 potions of curing
 o - 5 potions of might
 p - 4 potions of ambrosia
 s - 7 potions of brilliance
 v - 3 potions of lignification
 I - a potion of magic
 N - 5 potions of resistance
 R - 2 potions of cure mutation
 W - 2 potions of agility
Miscellaneous
 j - a lamp of fire
 q - a box of beasts {used: 2}
 r - a phial of floods
 x - a fan of gales
 G - a box of beasts
Comestibles
 b - 21 bread rations
 g - 26 fruits
 l - 21 meat rations
 U - 10 royal jellies


   Skills:
 + Level 12.7 Fighting
 + Level 10.4 Armour
 + Level 11.5 Dodging
 - Level 2.4 Stealth
 - Level 8.0 Shields
 * Level 18.0 Unarmed Combat
 + Level 12.0 Spellcasting
 + Level 4.4 Necromancy
 - Level 8.1 Transmutations
 * Level 12.4 Air Magic
 + Level 11.8 Invocations
 * Level 14.5 Evocations


You had 7 spell levels left.
You knew the following spells:

 Your Spells              Type           Power        Failure   Level  Hunger
a - Beastly Appendage     Trmt           ######       1%          1    None
b - Sticks to Snakes      Trmt           ######..     1%          2    None
c - Blade Hands           Trmt           ######....   6%          5    #......
d - Deflect Missiles      Chrm/Air       ######....   65%         6    ####...
e - Blink                 Tloc           N/A          10%         2    None
f - Repel Missiles        Chrm/Air       ######       1%          2    None
g - Apportation           Tloc           ###.......   6%          1    None
h - Song of Slaying       Chrm           ###.....     10%         2    None
i - Tornado               Air            #######...   100%        9    #######
j - Necromutation         Trmt/Necr      ######....   100%        8    #######


Dungeon Overview and Level Annotations

Branches:
Dungeon (15/15)            Temple (1/1) D:4            Lair (8/8) D:8
  Swamp (4/4) Lair:6       Spider (4/4) Lair:6        Slime (0/6) Lair:6
    Orc (2/2) D:10            Elf (3/3) Orc:2        Vaults (5/5) D:13
  Crypt (0/3) Vaults:3     Depths (0/5) D:15

Altars:
Ashenzari
Cheibriados
Dithmenos
Elyvilon
Fedhas
Gozag
Kikubaaqudgha
Makhleb
Nemelex Xobeh
Okawaru
Pakellas
Qazlal
Ru
Sif Muna
Trog
Vehumet
Xom
Yredelemnul
Zin
The Shining One
Beogh

Shops:
D:5 (   D:15 [   Orc:1 }   Orc:2 ([}=?   Elf:1 (   Elf:2 [   Vaults:1 *:%=[
Vaults:3 :

Annotations:
Elf:2 5 runed doors


Innate Abilities, Weirdness & Mutations

You have razor-sharp teeth.
You regenerate.
When hurt, damage is shared between your health and your magic reserves.
Your bite disrupts and absorbs the magic of your enemies.
Potions and wands cannot restore your health.
You are immune to rotting.
You have a pair of small horns on your head.
You are partially covered in rugged brown scales (AC +1, +3% HP).
You possess an exceptional clarity of mind.
You are clumsy. (Dex -2)
Your body sometimes deteriorates upon taking damage.
Your flesh is heat resistant.
You are resistant to hostile enchantments.
Your system is resistant to poisons.


Message History

Magic courses through your body.
The ironheart preserver completely misses you.
The titan hits you!!
* * * LOW HITPOINT WARNING * * *
The tengu reaver mumbles some strange words.
The tengu reaver conjures a globe of magical energy!
A yaktaur captain and a battlesphere come into view.
Unknown command.
You can feel time thicken for a moment.
You destroy the battlesphere!
You kill the tengu reaver!
Cheibriados appreciates the change of pace.
You feel somewhat more hungry.
You can no longer step out of the time flow.
Cheibriados lowers the support of your attributes as your movement quickens.
You kill the ironheart preserver!
Cheibriados appreciates the change of pace.
The stone giant misses you. The titan hits you!!
* * * LOW HITPOINT WARNING * * *
The vault warden hits you with a great sword of slicing!!
You die...

## #....# ##.#
#....#
#.#.##....# ##
#.#.#....#...
#...........
#####(.[§[...##
.....[([C<[....
.....[[@C[<$...
.....[§p<<.....
......[.[.[....
#####........##
...........
...#....#...
....#....#.c.
.....#....# ..


You could see a titan, a stone giant, a vault warden and a yaktaur captain.

Vanquished Creatures
  Norris (Spider:2)
  Arachne (Spider:3)
  Rupert (Lair:6)
  Asterion (Vaults:1)
  Frances (D:14)
  Kirke (Lair:6)
  2 tengu reavers
  5 thorn hunters (Swamp:4)
  Donald (Spider:3)
  2 deep elf sorcerers
  A frost giant (Vaults:1)
  Aizul (Spider:3)
  2 orc warlords
  4 emperor scorpions
  A curse skull (Vaults:3)
  5 ghost moths
  9 vault wardens
  A deep elf elementalist (Elf:2)
  4 ironheart preservers
  3 stone giants
  A vampire knight (Vaults:3)
  3 deep elf demonologists
  2 deep elf annihilators
  An eidolon (Vaults:3)
  6 spark wasps
  4 ettins
  A minotaur (Lab)
  33 vault guards
  2 deep elf death magi (Elf:3)
  2 fire dragons
  3 great orbs of eyes
  3 yaktaur captains
  A deep elf high priest (Elf:1)
  3 entropy weavers
  An ice dragon (D:15)
  29 hydras
  A catoblepas (D:13)
  A ghost crab (Swamp:3)
  9 centaur warriors
  5 alligators
  14 dancing weapons
  9 ogre magi
  2 death yaks (Lair:8)
  4 tengu warriors (D:15)
  5 orc high priests
  17 deep elf knights
  Nergalle (Lair:2)
  2 fire crabs
  Sonja (Lair:1)
  A hell knight (Vaults:3)
  A shadow wraith (Vaults:1)
  8 death scarabs (Spider:4)
  A spriggan druid (Swamp:3)
  7 swamp dragons
  20 skeletal warriors
  3 wizards
  16 deep elf archers
  A tengu zombie (Vaults:4)
  A flayed ghost (D:13)
  7 shambling mangroves
  12 harpies
  2 unseen horrors
  13 hill giants
  12 ironbrand convokers
  2 necromancers
  2 phantasmal warriors
  3 orc sorcerers
  2 wolf spider zombies (Spider:4)
  14 orc knights
  10 orb spiders
  3 spectral wolf spiders (Spider:4)
  73 deep elf magi
  A stone giant zombie (Vaults:1)
  3 manticores
  7 griffons
  A fire giant zombie (Vaults:4)
  8 hornets
  8 ugly things
  25 wolf spiders
  10 cyclopes
  14 elephants
  4 moths of wrath
  5 centaur zombies
  A guardian serpent (shapeshifter) (Vaults:4)
  3 torpor snails
  A black mamba (shapeshifter) (Vaults:1)
  3 gargoyles
  10 vault sentinels
  8 black mambas
  2 human zombies
  6 rime drakes
  2 kobold demonologists
  38 spiny frogs
  10 centaur skeletons
  6 freezing wraiths
  6 spectral redbacks (Spider:4)
  10 komodo dragons
  2 redback zombies (Spider:4)
  13 demonic crawlers
  32 yaktaurs
  23 jumping spiders
  A polar bear (Lair:5)
  11 trolls
  5 spectral tarantellas (Spider:4)
  A queen bee (Lair:7)
  A jumping spider (shapeshifter) (D:13)
  2 spectral jumping spiders (Spider:4)
  A blink frog (shapeshifter) (Vaults:2)
  9 giant leeches
  3 hornet zombies (Spider:4)
  3 spectral hornets (Spider:4)
  A tarantella zombie (Spider:4)
  14 two-headed ogres
  18 blink frogs
  29 slime creatures
  18 bog bodies
  Grinder (D:6)
  2 human simulacra
  A boulder beetle (Vaults:2)
  A vampire (D:15)
  A spriggan (shapeshifter) (Vaults:1)
  116 redbacks
  A shadow (Swamp:1)
  5 spriggans
  3 fire elementals
  33 tarantellas
  An air elemental (Elf:1)
  Sigmund (D:6)
  2 fire bats (D:13)
  2 water elementals (Elf:1)
  7 wyverns
  Eustachio (D:4)
  13 basilisks
  8 wraiths
  45 yaks
  A hog (Lair:6)
  2 hungry ghosts
  15 hippogriffs
  49 vampire mosquitoes
  23 insubstantial wisps
  17 swamp worms
  An ogre skeleton (Vaults:1)
  9 wargs
  2 hell hounds (D:8)
  A deep troll skeleton (Vaults:4)
  Duvessa (D:6)
  14 water moccasins
  58 orc warriors
  9 porcupines
  2 ice beasts
  11 swamp drakes
  34 ogres
  4 sky beasts
  5 black bears
  25 wasps
  2 boggarts
  2 phantoms
  3 eyes of draining
  21 wolves
  10 centaurs
  16 crocodiles
  7 big kobolds
  11 giant frogs
  3 earth elementals
  Dowan (D:6)
  A human skeleton (Vaults:1)
  2 scorpions
  42 killer bees
  4 wights (D:12)
  5 howler monkeys
  16 jellies
  4 crimson imps
  3 giant frog zombies
  25 orc priests
  4 hounds
  26 orc wizards
  11 iguanas
  6 hell rats (Lair:3)
  8 worker ants
  16 sheep
  2 worker ant zombies
  15 adders
  2 howler monkey skeletons
  58 river rats
  4 shadow imps
  An ooze (D:3)
  2 adder skeletons (D:4)
  2 worms (D:3)
  3 dart slugs
  2 giant geckos
  104 orcs
  15 bats
  4 giant cockroaches
  11 goblins
  10 hobgoblins
  13 jackals
  18 kobolds
  2 quokkas
  A giant cockroach zombie (D:6)
  2 giant gecko zombies
  5 giant newts
  A quokka skeleton (D:8)
  4 rats
  2 briar patches (Swamp:4)
  4 fungi (Swamp:3)
1869 creatures vanquished.

Vanquished Creatures (collateral kills)
  A frost giant (Vaults:3)
  An emperor scorpion (Spider:4)
  An ironheart preserver (Vaults:1)
  A hydra (Swamp:4)
  An ogre mage (Vaults:1)
  A dancing weapon (Elf:2)
  A deep elf knight (Elf:2)
  4 skeletal warriors
  2 ugly things (Vaults:3)
  2 deep elf magi (Elf:2)
  A hornet (Spider:4)
  A vault sentinel (Vaults:1)
  6 yaktaurs
  A jumping spider (Spider:4)
  A two-headed ogre (Vaults:1)
  A vampire mosquito (Swamp:4)
  2 swamp drakes (Swamp:4)
  4 ogres
32 creatures vanquished.

Vanquished Creatures (others)
  A deep elf mage (Elf:1)
  29 fungi
  11 plants
41 creatures vanquished.

Grand Total: 1942 creatures vanquished

Notes
Turn   | Place    | Note
--------------------------------------------------------------
     0 | D:1      | inmateoo the Vine Stalker Monk began the quest for the Orb.
     0 | D:1      | Reached XP level 1. HP: 11/11 MP: 2/2
    52 | D:1      | Reached XP level 2. HP: 11/16 MP: 3/3
   445 | D:1      | Reached XP level 3. HP: 16/19 MP: 2/4
   763 | D:2      | Found a shattered altar of Ashenzari.
  1229 | D:3      | Reached XP level 4. HP: 16/24 MP: 3/5
  1367 | D:3      | Gained mutation: You have a pair of small horns on your head. [potion of beneficial mutation]
  1498 | D:3      | Reached skill level 5 in Unarmed Combat
  1952 | D:4      | Reached XP level 5. HP: 28/28 MP: 6/6
  2088 | D:4      | Noticed a phantom
  2109 | D:4      | Killed a phantom
  2109 | D:4      | Gained mutation: You heal very quickly. [Vine Stalker growth]
  2109 | D:4      | Reached XP level 6. HP: 13/33 MP: 7/7
  2219 | D:4      | Found a staircase to the Ecumenical Temple.
  2224 | Temple   | Entered the Ecumenical Temple
  2362 | Temple   | Became a worshipper of Cheibriados the Contemplative
  2362 | Temple   | Reached * piety under Cheibriados
  2362 | Temple   | Reached ** piety under Cheibriados
  2680 | D:4      | Noticed Eustachio
  2690 | D:4      | Reached skill level 6 in Unarmed Combat
  2699 | D:4      | Killed Eustachio
  2699 | D:4      | Reached XP level 7. HP: 35/37 MP: 8/8
  3022 | D:5      | Entered Level 5 of the Dungeon
  3022 | D:5      | Found Elausegg's Antique Weapon Emporium.
  3089 | D:5      | Found a shadowy altar of Dithmenos.
  3089 | D:5      | Found a sparkling altar of Nemelex Xobeh.
  3154 | D:5      | You fall through a shaft!
  3248 | D:5      | Reached skill level 7 in Unarmed Combat
  3272 | D:5      | Found a deep blue altar of Sif Muna.
  3273 | D:5      | Found a burning altar of Makhleb.
  3346 | D:5      | Found a basalt altar of Yredelemnul.
  3676 | D:5      | Gained mutation: You have razor-sharp teeth. [Vine Stalker growth]
  3676 | D:5      | Reached XP level 8. HP: 37/42 MP: 9/9
  3799 | D:6      | Noticed Grinder
  3814 | D:6      | Killed Grinder
  3814 | D:6      | Reached skill level 5 in Fighting
  3886 | D:6      | Noticed Duvessa
  3886 | D:6      | Noticed Dowan
  3899 | D:6      | Killed Duvessa
  3899 | D:6      | Reached skill level 8 in Unarmed Combat
  3907 | D:6      | Killed Dowan
  3907 | D:6      | Reached *** piety under Cheibriados
  3941 | D:6      | Noticed a hill giant
  3951 | D:6      | Killed a hill giant
  3951 | D:6      | Reached skill level 1 in Armour
  3951 | D:6      | Reached skill level 5 in Dodging
  3951 | D:6      | Reached skill level 1 in Shields
  3951 | D:6      | Reached XP level 9. HP: 45/47 MP: 10/10
  4378 | D:6      | Noticed Sigmund
  4385 | D:6      | Killed Sigmund
  4396 | D:6      | Got a pair of bloodstained boots
  4402 | D:6      | Identified the +5 pair of boots of Context {MR+ Int+2} (You found it on level 6 of the Dungeon)
  4705 | D:7      | Found an ancient bone altar of Kikubaaqudgha.
  4707 | D:7      | Found a sacrificial altar of Ru.
  4737 | D:7      | Reached skill level 9 in Unarmed Combat
  4815 | D:7      | Learned a level 1 spell: Beastly Appendage
  4818 | D:7      | Learned a level 2 spell: Sticks to Snakes
  5388 | D:8      | Reached **** piety under Cheibriados
  5393 | D:8      | Reached skill level 1 in Transmutations
  5478 | D:8      | Noticed a hill giant
  5487 | D:8      | Killed a hill giant
  5487 | D:8      | Reached skill level 1 in Spellcasting
  5636 | D:8      | Noticed a two-headed ogre
  5639 | D:8      | Killed a two-headed ogre
  5639 | D:8      | Reached XP level 10. HP: 49/53 MP: 14/14
  5703 | D:8      | Found a staircase to the Lair.
  6007 | D:9      | Gained mutation: You possess an exceptional clarity of mind. [potion of mutation]
  6007 | D:9      | Gained mutation: You are resistant to hostile enchantments. [potion of mutation]
  6007 | D:9      | Gained mutation: You are partially covered in rugged brown scales (AC +1, +3% HP). [potion of mutation]
  6307 | D:10     | Entered Level 10 of the Dungeon
  6310 | D:10     | Found a staircase to the Orcish Mines.
  6393 | D:9      | Gained mutation: Your system is resistant to poisons. [mutagenic meat]
  6421 | D:9      | Reached skill level 10 in Unarmed Combat
  6465 | D:10     | Noticed a cyclops
  6470 | D:10     | Killed a cyclops
  6545 | D:10     | Reached skill level 1 in Invocations
  6562 | D:10     | Reached ***** piety under Cheibriados
  6678 | D:10     | Killed an unseen horror
  6801 | D:10     | Noticed a hill giant
  6808 | D:10     | Killed a hill giant
  7072 | D:10     | Reached XP level 11. HP: 57/59 MP: 17/17
  7224 | D:11     | Reached skill level 1 in Evocations
  7253 | D:11     | Got a shimmering chain mail
  7264 | D:11     | Identified the +0 chain mail "Tadoafip" {*Contam rCorr Int+4} (You found it on level 11 of the Dungeon)
  7360 | D:11     | Learned a level 5 spell: Blade Hands
  7377 | D:11     | Noticed a hill giant
  7387 | D:11     | Killed a hill giant
  7486 | D:11     | Noticed a white ugly thing
  7494 | D:11     | Killed a white ugly thing
  7660 | D:12     | Noticed a hill giant
  7665 | D:12     | Killed a hill giant
  7727 | D:12     | Reached skill level 11 in Unarmed Combat
  7999 | D:12     | Noticed a hill giant
  8000 | D:12     | Noticed a manticore
  8006 | D:12     | Killed a hill giant
  8006 | D:12     | Reached ****** piety under Cheibriados
  8013 | D:12     | Killed a manticore
  8013 | D:12     | Gained mutation: You regenerate. [Vine Stalker growth]
  8013 | D:12     | Reached XP level 12. HP: 55/64 MP: 20/20
  8234 | D:12     | Reached skill level 5 in Shields
  8293 | D:12     | Reached skill level 5 in Transmutations
  8303 | D:12     | Reached skill level 5 in Spellcasting
  8662 | D:13     | Learned a level 6 spell: Deflect Missiles
  8676 | D:13     | Learned a level 2 spell: Blink
  8679 | D:13     | Learned a level 2 spell: Repel Missiles
  8704 | D:13     | Found a labyrinth entrance.
  8739 | Lab      | Entered a labyrinth
  8857 | Lab      | Found an exit through the horrors of the Abyss.
  8874 | Lab      | Noticed a minotaur
  8879 | Lab      | Killed a minotaur
  8881 | Lab      | Got a vibrating ivory amulet
  8886 | Lab      | Identified the amulet "Toog" {RegenMP +Blink rPois Stlth-} (You took it off a minotaur in a labyrinth)
  8894 | Lab      | Identified the Tome of Articulation
  8894 | Lab      | Got a twitching tin ring
  8909 | Lab      | Identified the ring "Makuryus" {rF+ Dex+4} (You found it in a labyrinth)
  8960 | D:13     | Learned a level 1 spell: Apportation
  9011 | D:13     | Noticed a centaur warrior
  9018 | D:13     | Killed a centaur warrior
  9063 | D:13     | Noticed a centaur warrior
  9072 | D:13     | Killed a centaur warrior
  9128 | D:13     | Reached skill level 5 in Armour
  9132 | D:13     | Reached skill level 5 in Evocations
  9191 | D:13     | Noticed a five-headed hydra
  9199 | D:13     | Killed a five-headed hydra
  9199 | D:13     | Reached XP level 13. HP: 70/70 MP: 22/22
  9248 | D:13     | Found a runed door.
  9274 | D:13     | Found a stormy altar of Qazlal.
  9283 | D:13     | Found a shimmering altar of Xom.
  9303 | D:13     | Found a glowing silver altar of Zin.
  9314 | D:13     | Found an oddly glowing altar of Pakellas.
  9341 | D:13     | Found a radiant altar of Vehumet.
  9377 | D:13     | Reached skill level 12 in Unarmed Combat
  9397 | D:13     | Found a burning altar of Makhleb.
  9544 | D:13     | Found a gate to the Vaults.
  9544 | D:13     | Noticed a vault guard
  9544 | D:13     | Noticed a vault guard
  9544 | D:13     | Noticed a vault guard
  9544 | D:13     | Noticed a vault guard
  9554 | D:13     | Killed a vault guard
  9565 | D:13     | Killed a vault guard
  9565 | D:13     | Reached skill level 5 in Invocations
  9579 | D:13     | Killed a vault guard
  9602 | D:13     | Killed a vault guard
 10064 | D:14     | Got a pair of slimy gloves
 10070 | D:14     | Identified the +0 pair of gloves of Creativity {*Contam Int+4 Stlth+} (You found it on level 14 of the Dungeon)
 10183 | D:14     | Noticed Frances
 10193 | D:14     | Killed Frances
 10479 | D:14     | Noticed a deep elf annihilator
 10486 | D:14     | Killed a deep elf annihilator
 10486 | D:14     | Reached XP level 14. HP: 76/76 MP: 24/24
 10678 | D:15     | Entered Level 15 of the Dungeon
 10702 | D:15     | Learned a level 2 spell: Song of Slaying
 10816 | D:15     | Found a blossoming altar of Fedhas.
 11148 | D:15     | Found Kimneal's Antique Armour Boutique.
 11219 | D:15     | Bought an ichor-stained buckler for 199 gold pieces
 11230 | D:15     | Identified the +4 buckler "Xegar" {Dex+3} (You bought it in a shop on level 15 of the Dungeon)
 11349 | D:15     | Found a staircase to the Depths.
 11644 | Lair:1   | Entered Level 1 of the Lair of Beasts
 11706 | Lair:1   | Noticed Sonja
 11712 | Lair:1   | Killed Sonja
 11877 | Lair:1   | Reached skill level 13 in Unarmed Combat
 12666 | Lair:2   | Noticed Nergalle
 12676 | Lair:2   | Killed Nergalle
 13911 | Lair:3   | Reached XP level 15. HP: 56/81 MP: 21/27
 14908 | Lair:5   | You fall through a shaft for 3 floors!
 14908 | Lair:8   | Entered Level 8 of the Lair of Beasts
 15011 | Lair:6   | Reached XP level 16. HP: 79/86 MP: 28/28
 15255 | Lair:6   | Found a staircase to the Swamp.
 15257 | Lair:6   | Reached skill level 1 in Air Magic
 15315 | Lair:6   | Noticed Kirke
 15325 | Lair:6   | Killed Kirke
 15390 | Lair:6   | Found a hole to the Spider Nest.
 15465 | Lair:6   | Found a staircase to the Slime Pits.
 15661 | Lair:6   | Noticed Rupert
 15671 | Lair:6   | Killed Rupert
 16286 | Lair:5   | Reached skill level 14 in Unarmed Combat
 17096 | Lair:8   | Found a glowing golden altar of the Shining One.
 17445 | Lair:8   | Reached XP level 17. HP: 90/90 MP: 30/30
 17547 | Lair:8   | Reached skill level 10 in Evocations
 18445 | Orc:1    | Entered Level 1 of the Orcish Mines
 18790 | Orc:1    | Found Asie's Gadget Boutique.
 18792 | Orc:1    | Reached skill level 10 in Fighting
 19046 | Orc:2    | Entered Level 2 of the Orcish Mines
 19245 | Orc:2    | Found a staircase to the Elven Halls.
 19360 | Orc:2    | Found a roughly hewn altar of Beogh.
 19377 | Orc:2    | Found Divoxol's Jewellery Shoppe.
 19401 | Orc:2    | Found a roughly hewn altar of Beogh.
 19465 | Orc:2    | Found a roughly hewn altar of Beogh.
 19602 | Orc:2    | Found Vyecaik's Antique Armour Shoppe.
 19603 | Orc:2    | Found a roughly hewn altar of Beogh.
 19606 | Orc:2    | Found Udoadil's Antique Weapon Emporium.
 19641 | Orc:2    | Bought a jewelled scale mail for 279 gold pieces
 19672 | Orc:2    | Found Puufer's Gadget Shoppe.
 19680 | Orc:2    | Bought a lamp of fire for 600 gold pieces
 19759 | Orc:2    | Found a roughly hewn altar of Beogh.
 19760 | Orc:2    | Found Fikhluqa's Magic Scroll Boutique.
 19788 | Orc:2    | Bought a scroll of identify for 28 gold pieces
 19788 | Orc:2    | Bought a scroll of identify for 28 gold pieces
 19788 | Orc:2    | Bought a scroll of identify for 28 gold pieces
 19793 | Orc:2    | Identified the +2 scale mail of Grottiness {rPois Str-3 Int+3 SInv} (You bought it in a shop on level 2 of the Orcish Mines)
 19809 | Orc:2    | Bought a scroll of blinking for 105 gold pieces
 19809 | Orc:2    | Bought a scroll of blinking for 105 gold pieces
 19809 | Orc:2    | Bought a scroll of blinking for 105 gold pieces
 19809 | Orc:2    | Bought a scroll of teleportation for 42 gold pieces
 19829 | Orc:2    | Found a roughly hewn altar of Beogh.
 20144 | Elf:1    | Entered Level 1 of the Elven Halls
 20228 | Elf:1    | Reached skill level 5 in Air Magic
 20399 | Elf:1    | Identified Sif Muna's Reference Book on Calling
 21053 | Elf:1    | Reached XP level 18. HP: 56/96 MP: 25/32
 21054 | Elf:1    | Found Toeh's Weapon Emporium.
 21477 | Elf:2    | Reached skill level 15 in Unarmed Combat
 21883 | Elf:2    | Found a huge runed gate.
 21883 | Elf:2    | Found a huge runed gate.
 21883 | Elf:2    | Found a huge runed gate.
 21886 | Elf:2    | Found a huge runed gate.
 21893 | Elf:2    | Found a huge runed gate.
 22026 | Elf:2    | Found Veuts's Antique Armour Boutique.
 22030 | Elf:2    | Bought a pair of encrusted gloves for 323 gold pieces
 22340 | Elf:3    | Entered Level 3 of the Elven Halls
 22444 | Elf:3    | Identified the cursed -5 pair of gloves of the Monkey's Uncle {MR++ Str-2} (You bought it in a shop on level 2 of the Elven Halls)
 23018 | Swamp:1  | Entered Level 1 of the Swamp
 23925 | Swamp:2  | Learned a level 9 spell: Tornado
 24526 | Swamp:3  | Reached XP level 19. HP: 101/101 MP: 33/33
 25448 | Swamp:4  | Entered Level 4 of the Swamp
 25612 | Swamp:4  | Reached skill level 10 in Spellcasting
 25996 | Swamp:4  | Reached skill level 10 in Dodging
 26130 | Swamp:4  | Reached skill level 10 in Invocations
 26258 | Swamp:4  | Got a decaying rune of Zot
 26625 | Spider:1 | Entered Level 1 of the Spider Nest
 27150 | Spider:1 | Reached skill level 16 in Unarmed Combat
 28041 | Spider:2 | Identified a scroll of acquirement
 28048 | Spider:2 | Got an ichor-stained buckler
 28063 | Spider:2 | Identified the +0 buckler of the Lotus Blossom {MP+9 Str+4} (You acquired it on level 2 of the Spider Nest)
 28072 | Spider:2 | Reached XP level 20. HP: 108/108 MP: 35/35
 28627 | Spider:2 | Noticed Norris
 28638 | Spider:2 | Killed Norris
 29110 | Spider:3 | Noticed Donald
 29119 | Spider:3 | Killed Donald
 29174 | Spider:3 | Noticed Arachne
 29193 | Spider:3 | Killed Arachne
 29484 | Spider:3 | Noticed Aizul
 29499 | Spider:3 | Killed Aizul
 29732 | Spider:3 | Identified Xeth's Papyrus of Blistering Cold (You found it on level 3 of the Spider Nest)
 30049 | Spider:4 | Entered Level 4 of the Spider Nest
 30704 | Spider:4 | Reached skill level 10 in Air Magic
 30773 | Spider:4 | Got a gossamer rune of Zot
 31413 | Spider:4 | Reached XP level 21. HP: 104/113 MP: 21/37
 31992 | Vaults:1 | Entered Level 1 of the Vaults
 31992 | Vaults:1 | Noticed Asterion
 31997 | Vaults:1 | Killed Asterion
 32204 | Vaults:1 | Found Vanusm's General Store.
 32210 | Vaults:1 | Bought a potion of beneficial mutation for 595 gold pieces
 32210 | Vaults:1 | Gained mutation: Your flesh is heat resistant. [potion of beneficial mutation]
 32547 | Vaults:1 | Found Wopseff's Jewellery Shop.
 32553 | Vaults:1 | Found Sorekh's Antique Armour Emporium.
 32566 | Vaults:1 | Found Feafagimn's Food Emporium.
 32631 | Vaults:1 | Reached skill level 17 in Unarmed Combat
 32956 | Vaults:1 | Gained mutation: Your body sometimes deteriorates upon taking damage. [mutagenic glow]
 32979 | Vaults:1 | Gained mutation: You are clumsy. (Dex -2) [mutagenic glow]
 33048 | Vaults:1 | Found Loacki's Book Emporium.
 33056 | Vaults:1 | Bought a Necronomicon for 1435 gold pieces
 33065 | Vaults:1 | Learned a level 8 spell: Necromutation
 33585 | Vaults:2 | Reached skill level 1 in Necromancy
 34017 | Vaults:2 | Found a blossoming altar of Fedhas.
 34046 | Vaults:2 | Reached skill level 10 in Armour
 34578 | Vaults:3 | Reached XP level 22. HP: 119/119 MP: 38/38
 34982 | Vaults:3 | Found Nudush's Book Shoppe.
 35139 | Vaults:3 | Found a staircase to the Crypt.
 36876 | Vaults:5 | Entered Level 5 of the Vaults
 36881 | Vaults:5 | Reached skill level 18 in Unarmed Combat
 36902 | Vaults:5 | HP: 1/119 [titan (20)]
 36902 | Vaults:5 | Demolished by a vault warden

Skill      XL: |  1  2  3  4  5  6  7  8  9 10 11 12 13 14 15 16 17 18 19 20 21 22 |
---------------+-------------------------------------------------------------------+-----
Fighting       | 3 4 5 6 7 8 9 10 11 12 | 12.7
Dodging        | 3 4 5 6 7 8 9 10 11 | 11.5
Unarmed Combat | 5 6 7 8 9 10 11 12 13 14 15 16 17 18 | 18.0
Armour         | 1 2 3 4 5 6 7 8 9 10 | 10.4
Shields        | 1 3 4 5 6 7 8 |  8.0
Transmutations | 2 3 4 5 6 7 8 |  8.1
Spellcasting   | 2 3 4 5 6 7 8 9 10 11 12 | 12.0
Invocations    | 2 3 4 5 6 7 8 9 10 11 | 11.8
Evocations     | 3 5 7 8 9 10 11 12 13 14 | 14.5
Air Magic      | 2 6 7 9 10 11 12 | 12.4
Necromancy     | 2 4 |  4.4
Stealth        | |  2.4

Action                   |  1- 3 |  4- 6 |  7- 9 | 10-12 | 13-15 | 16-18 | 19-21 | 22-24 || total
-------------------------+-------+-------+-------+-------+-------+-------+-------+-------++-------
Melee: Unarmed           |   104 |   131 |   164 |   450 |   691 |  1369 |  1655 |   360 ||  4924
       Bite              |    24 |    39 |    85 |   293 |   404 |   759 |   988 |   231 ||  2823
       Punch             |     1 |     2 |     1 |       |     1 |       |    13 |       ||    18
       Headbutt          |       |    31 |    65 |   192 |   279 |   513 |   692 |   150 ||  1922
 Cast: Repel Missiles    |       |       |       |     4 |     5 |     7 |     7 |     2 ||    25
       Blade Hands       |       |       |       |       |     2 |       |     7 |     1 ||    10
Invok: Temporal Distorti |       |       |       |     1 |       |       |       |     1 ||     2
       Slouch            |       |       |       |       |     5 |     9 |     7 |    14 ||    35
Evoke: Wand              |       |       |       |       |     2 |       |       |       ||     2
       Sack of spiders   |       |       |       |       |       |     5 |     6 |     1 ||    12
       Phial of floods   |       |       |       |       |       |     1 |     1 |     1 ||     3
       Lamp of fire      |       |       |       |       |       |       |     4 |     1 ||     5
       Box of beasts     |       |       |       |       |       |       |       |     2 ||     2
  Use: Scroll            |       |    12 |     3 |     6 |     6 |    10 |    10 |     2 ||    49
       Potion            |       |     1 |     1 |     1 |     2 |     1 |     5 |     1 ||    12
 Stab: Sleeping          |     7 |     5 |     6 |     3 |       |     6 |    10 |     1 ||    38
       Distracted        |       |     1 |       |       |       |     5 |     8 |     1 ||    15
       Paralysed         |       |       |       |       |     1 |       |       |       ||     1
       Held in net/web   |       |       |       |       |       |       |     1 |       ||     1
  Eat: Chunk             |     1 |     4 |     5 |     8 |    13 |     8 |     2 |       ||    41
       Pizza             |       |       |       |     1 |       |     7 |     3 |       ||    11
       Beef jerky        |       |       |       |       |       |     3 |     1 |     2 ||     6
       Fruit             |       |       |       |       |       |       |    27 |       ||    27
Armor: Robe              |    12 |    18 |       |       |       |       |       |       ||    30
       Leather armour    |       |       |    26 |    12 |       |       |       |       ||    38
       Chain mail        |       |       |       |   150 |   231 |   165 |       |       ||   546
       Skin              |       |       |       |       |     8 |       |       |       ||     8
       Scale mail        |       |       |       |       |       |   196 |   520 |    78 ||   794
Dodge: Dodged            |    69 |    65 |    77 |   235 |   502 |  1013 |  1738 |   334 ||  4033
       Deflected         |       |       |       |     9 |    14 |    26 |    26 |    12 ||    87
Block: Buckler           |       |       |    16 |   169 |   316 |   576 |   805 |   163 ||  2045
